 Dungeon Crawl Stone Soup version 0.16.1-16-gc44b35d (webtiles) character file.

497 Rester5115 the Chopper (level 6, -9/57 HPs)
             Began as a Minotaur Berserker on Apr 21, 2015.
             Was an Elder of Trog.
             Mangled by an ogre
             ... wielding a +0 giant club
              (10 damage)
             ... on level 4 of the Dungeon.
             The game lasted 00:13:49 (3594 turns).

Rester5115 the Chopper (Minotaur Berserker)         Turns: 3594, Time: 00:13:49

Health: -9/57      AC: 10    Str: 22    XL:     6   Next: 93%
Magic:  3/3        EV: 15    Int:  8    God:    Trog [****..]
Gold:   103        SH:  0    Dex: 11    Spells: 0 memorised, 5 levels left

rFire  . . .     SeeInvis .     a - +0 hand axe
rCold  . . .     Clarity  +     x - +0 chain mail (curse)
rNeg   . . .     SustAb   .     (no shield)
rPois  .         Gourm    .     (helmet restricted)
rElec  .         Spirit   .     (no cloak)
rCorr  .         Warding  .     (no gloves)
rMut   .         Stasis   .     k - +0 pair of boots
MR     .....                    g - amulet of clarity
Stlth  ..........               y - +4 ring of intelligence
                                s - +6 ring of evasion

@: not resistant to hostile enchantments, extremely unstealthy
A: retaliatory headbutt, horns 2
a: Burn Spellbooks, Berserk, Trog's Hand, Brothers in Arms, Renounce Religion


You were on level 4 of the Dungeon.
You worshipped Trog.
Trog was greatly pleased with you.
You were not hungry.

You visited 2 branches of the dungeon, and saw 5 of its levels.

You collected 103 gold pieces.

Inventory:

Hand weapons
 a - a +0 hand axe (weapon)
Armour
 b - a +0 animal skin
 k - a +0 pair of boots (worn)
 x - a cursed +0 chain mail (worn)
Jewellery
 g - an amulet of clarity (around neck)
 s - a +6 ring of evasion (left hand)
 y - a +4 ring of intelligence (right hand)
Magical devices
 u - a wand of magic darts (22)
Scrolls
 d - 4 scrolls of remove curse {unknown}
 e - a scroll of blinking {unknown}
 h - a scroll of teleportation {unknown}
 i - 2 scrolls of identify {unknown}
 l - a scroll of noise {unknown}
 m - 2 scrolls of enchant armour {unknown}
 n - a scroll of fog {unknown}
 o - 3 scrolls of recharging {unknown}
 D - a scroll of amnesia {unknown}
Potions
 j - a potion of might {unknown}
 p - a potion of heal wounds {unknown}
 r - a potion of brilliance {unknown}
 t - 3 potions of ambrosia {unknown}
 v - a potion of beneficial mutation {unknown}
 z - 2 potions of resistance {unknown}
 B - a potion of poison {unknown}
Books
 w - a book of the Sky

   Spells                             Type                      Level
   a - Flight                         Charms/Air                   3
   b - Airstrike                      Air                          4
   c - Silence                        Hexes/Air                    5
   d - Deflect Missiles               Charms/Air                   6
   e - Conjure Ball Lightning         Conjuration/Air              6
   f - Tornado                        Air                          9
   Trog disapproves of the use of such an item.
Comestibles
 c - 2 bread rations
 f - 4 meat rations
 q - a royal jelly
 A - 8 fruits


   Skills:
 + Level 5.9 Fighting
 + Level 6.0 Axes
 + Level 2.8 Armour
 + Level 5.2 Dodging


You had 5 spell levels left.
You didn't know any spells.

Dungeon Overview and Level Annotations

Branches:
Dungeon (4/15)             Temple (1/1) D:4

Altars:
Ashenzari
Cheibriados
Dithmenos
Elyvilon
Fedhas
Gozag
Kikubaaqudgha
Makhleb
Nemelex Xobeh
Okawaru
Qazlal
Ru
Sif Muna
Trog
Vehumet
Xom
Yredelemnul
Zin
The Shining One

Annotations:
D:3 1 runed door


Innate Abilities, Weirdness & Mutations

You reflexively headbutt those who attack you in melee.
You have a pair of horns on your head.


Message History

2 orcs and an orc wizard come into view.
The orc shouts!
The orc wizard shouts!
The orc moves out of view.
The ogre hits you with a giant club!!
There is an open door, spattered with blood here.
Your chain mail prevents you from hitting the ogre.
An orc priest comes into view. It is wielding a flail.
Use which ability? (? or * to list)
You fail to use your ability.
The ogre hits you with a giant club!!
The orc priest becomes somewhat translucent.
The orc priest mumbles some strange prayers to Beogh against you.
Something smites you!
* * * LOW HITPOINT WARNING * * *
The orc priest invokes the aid of Beogh against you.
Pain shoots through your body!
* * * LOW HITPOINT WARNING * * *
There is a stone staircase leading up here.
You can't go down here!
Unknown command.
The ogre hits you with a giant club!
You die...

#.....[................'...
#...........#..........#...
#....s......###.....#######
#......o......#.###.# #
#.......[....##.. .
#............####.
#............# .
#.........O..#
#.........@..#
######'#.###.##############
#.#...................
#.......##############
#########


You could see an ogre, a scorpion and an orc priest.

Vanquished Creatures
  A phantom (D:4)
  Sigmund (D:3)
  A scorpion (D:3)
  Crazy Yiuf (D:3)
  A giant frog skeleton (D:3)
  Natasha (thrice) (D:3)
  2 worker ants (D:4)
  An orc wizard (D:3)
  Terence (D:3)
  3 adders (D:3)
  A giant mite (D:2)
  A worm (D:2)
  A giant gecko (D:2)
  9 orcs (D:3)
  A ball python (D:2)
  4 giant cockroaches
  13 goblins
  5 hobgoblins
  3 jackals (D:1)
  13 bats
  2 giant newts
  4 kobolds
  8 rats
  4 fungi (D:3)
84 creatures vanquished.

Notes
Turn   | Place    | Note
--------------------------------------------------------------
     0 | D:1      | Rester5115, the Minotaur Berserker, began the quest for the Orb.
     0 | D:1      | Reached XP level 1. HP: 19/19 MP: 1/1
   128 | D:1      | Reached XP level 2. HP: 25/27 MP: 1/1
   180 | D:1      | Reached skill level 4 in Fighting
   214 | D:1      | Acquired Trog's second power
   885 | D:2      | Reached XP level 3. HP: 33/33 MP: 2/2
  1585 | D:3      | Reached XP level 4. HP: 41/41 MP: 2/2
  1759 | D:3      | Noticed a scorpion
  1772 | D:3      | Killed a scorpion
  2174 | D:3      | Noticed Natasha
  2177 | D:3      | Killed Natasha
  2177 | D:3      | Reached skill level 5 in Fighting
  2177 | D:3      | Reached skill level 5 in Axes
  2177 | D:3      | Reached XP level 5. HP: 46/48 MP: 2/2
  2214 | D:3      | Found a white marble altar of Elyvilon.
  2214 | D:3      | Noticed an angel
  2215 | D:3      | Found a runed door.
  2345 | D:3      | Noticed Natasha
  2351 | D:3      | Killed Natasha
  2462 | D:3      | Noticed Natasha
  2468 | D:3      | Killed Natasha
  2677 | D:3      | Noticed Sigmund
  2684 | D:3      | Killed Sigmund
  2763 | D:3      | Reached XP level 6. HP: 49/56 MP: 3/3
  2849 | D:3      | Noticed Terence
  2854 | D:3      | Killed Terence
  3002 | D:3      | Noticed Crazy Yiuf
  3007 | D:3      | Killed Crazy Yiuf
  3107 | D:4      | Acquired Trog's third power
  3143 | D:4      | Reached skill level 5 in Dodging
  3278 | D:4      | Found a staircase to the Ecumenical Temple.
  3301 | Temple   | Entered the Ecumenical Temple
  3481 | D:4      | Reached skill level 6 in Axes
  3593 | D:4      | HP: 1/57 [orc priest/nerve-wracking pain (6)]
  3594 | D:4      | Mangled by an ogre

Action                   |  1- 3 |  4- 6 || total
-------------------------+-------+-------++-------
Melee: Hand axe          |    74 |   111 ||   185
Invok: Berserk           |       |     2 ||     2
  Use: Potion            |       |     2 ||     2
  Eat: Chunk             |     2 |       ||     2
       Bread ration      |       |     2 ||     2
